AoeStats
← Jim_Raynor

Arabia

510632550Analyzed
3v3 RM · 5h ago on Oct 1, 2026· 33m 35s· 6 players
Game mode
Random Map
Map size
Normal (6 player)
Population
200
Speed
Normal
Resources
Standard
Victory
Conquest
Starting age
Dark Age
Ending age
Imperial Age
RankedLock teamsTeams togetherTeam positionsShared explorationLock speedFull tech treeHidden civsTurbo modeCheats
Victory
Defeat
🇨🇴 Khitans · Colombia
1369
+10
🇨🇴 Bulgarians · Colombia
1044
+24
🇨🇴 Franks · Colombia
999
+25
🇨🇦 Magyars · Canada
1306
-23
🇦🇷 Turks · Argentina
1220
-20
🇹🇷 Britons · Türkiye
1117
-16
Bugzy
6:38 Loom
9:01 Feudal Age
9:26 Double-Bit Axe
20:54 Castle Age
19:35 Horse Collar
19:46 Gold Mining
20:14 Bloodlines
21:40 Husbandry
23:11 Scale Barding Armor
24:21 Bow Saw
Jim_Raynor
10:13 Feudal Age
10:46 Loom
13:10 Town Watch
16:41 Castle Age
16:33 Double-Bit Axe
16:29 Horse Collar
17:56 Wheelbarrow
28:13 Fletching
28:50 Padded Archer Armor
30:10 Husbandry
32:17 Bloodlines
Immortal The First
6:21 Loom
9:30 Feudal Age
10:16 Double-Bit Axe
18:27 Castle Age
19:38 Crossbowman
22:02 Bow Saw
26:26 Fletching
28:35 Wheelbarrow
28:55 Bodkin Arrow
29:32 Horse Collar
31:46 Padded Archer Armor
craraque
4:06 Loom
10:54 Feudal Age
20:34 Castle Age
19:47 Double-Bit Axe
23:25 Scale Barding Armor
26:13 Bow Saw
27:13 Scale Mail Armor
27:24 Forging
albaqca
4:11 Loom
11:22 Feudal Age
18:31 Double-Bit Axe
26:03 Castle Age
25:10 Scale Barding Armor
25:15 Forging
26:59 Husbandry
27:24 Chain Barding Armor
29:10 Bow Saw
33:45 Iron Casting
FIERRO
6:26 Loom
8:56 Feudal Age
12:36 Double-Bit Axe
15:47 Forging
21:27 Castle Age
20:18 Fletching
22:31 Husbandry
23:07 Iron Casting
24:29 Gold Mining
33:41 Scale Barding Armor
Connection lost

Rejoining the realm…

Still unreachable

The connection could not be restored.

Session expired

The server has moved on; the page needs a fresh start.